 Dungeon Crawl Stone Soup version 0.30.1-9-gdf580d7c3d (webtiles) character file.

Game seed: 11609843697113294195

60 safid the Chiller (level 4, -2/33 HPs)
             Began as a Merfolk Ice Elementalist on Oct 2, 2023.
             Slain by a gnoll
             ... wielding a +0 spear
              (6 damage)
             ... on level 2 of the Dungeon.
             The game lasted 00:02:07 (1244 turns).

safid the Chiller (Merfolk Ice Elementalist)        Turns: 1244, Time: 00:02:08

Health: -2/33      AC:  2    Str:  6 (8)  XL:     4   Next: 6%
Magic:  3/8        EV: 12    Int: 13 (16) God:
Gold:   41         SH:  5    Dex: 11 (14) Spells: 4/8 levels left

rFire   . . .        i - +2 flail (venom)
rCold   . . .        (no shield)
rNeg    . . .        a - +0 robe
rPois   .            (no helmet)
rElec   .            (no cloak)
rCorr   .            (no gloves)
SInv    .            (no boots)
Will    .....        e - amulet of reflection
Stlth   ++           (no ring)
HPRegen 0.25/turn    (no ring)
MPRegen 0.11/turn

%: reflection
@: freezing walls
A: (nimble swimmer 2), mertail
a: no special abilities


You were on level 2 of the Dungeon.
You visited 1 branch of the dungeon, and saw 2 of its levels.

You collected 41 gold pieces.

Inventory:

Hand Weapons
 i - a +2 flail of venom (weapon)
Armour
 a - a +0 robe (worn)
Jewellery
 e - an amulet of reflection (around neck)
 j - an amulet of regeneration
Scrolls
 c - a scroll of poison {unknown}
 f - a scroll of vulnerability {unknown}
 g - a scroll of identify {unknown}
 h - a scroll of amnesia {unknown}
Potions
 b - 2 potions of magic


   Skills:
 + Level 2.1 Fighting
 - Level 2.6 Dodging
 - Level 2.1 Stealth
 + Level 2.7 Spellcasting
 + Level 5.0 Ice Magic


You had 4 spell levels left.
You knew the following spells:

 Your Spells              Type           Power      Damage    Failure   Level
a - Freeze                Ice            56%        1d7       3%          1
b - Frozen Ramparts       Ice            28%        1d5       9%          3

Your spell library contained the following spells:

 Spells                   Type           Power      Damage    Failure   Level
 Ozocubu's Armour         Ice            14%        N/A       9%          3
 Slow                     Hex            4%         N/A       24%         1
 Confusing Touch          Hex            1%         N/A       56%         3
 Vampiric Draining        Necr           1%         2d6       56%         3
 Summon Ice Beast         Ice/Summ       8%         N/A       63%         4


Dungeon Overview and Level Annotations

Branches:
Dungeon (2/15)

Altars:


Innate Abilities, Weirdness & Mutations

((You are very nimble when in or above water. (Stealth+, EV+, Speed+++)))
Your lower body shifts to a powerful aquatic tail in water.


Message History

The jackal closely misses you.
The jackal bites you but does no damage.
The gnoll hits you from afar with a +0 spear!
The gnoll hits you with a +0 flail!
* * * LOW HITPOINT WARNING * * *
Unknown command.
The jackal bites you.
* * * LOW HITPOINT WARNING * * *
Casting: Freeze (safe; 2% risk of failure)
Confirm with . or Enter, or press ? or * to list all spells.
The spell is quite dangerous to miscast (8% risk of failure)!
Continue anyway? [Y]es or [N]o only, please.
The spell is quite dangerous to miscast (8% risk of failure)!
Continue anyway?
Casting: Frozen Ramparts (quite dangerous; 8% risk of failure)
Press: ? - help, Dir - look around, f - activate The walls around you are covered in ice.
The wall freezes the jackal. x2; You block the jackal's attack.
The wall freezes the gnoll.
You kill the gnoll!
A goblin comes into view. It is wielding a +0 club.
The wall freezes the jackal.
You kill the jackal!
The wall freezes the jackal.
The jackal bites you.
* * * LOW HITPOINT WARNING * * *
Your Fighting skill increases to level 2!
Your Ice Magic skill increases to level 5!
You have reached level 4!
It was a potion of degeneration.
There was something very wrong with that liquid.
You feel weakened.
You feel dopey.
You feel clumsy.
The wall freezes the gnoll. x2; The wall freezes the jackal.
The jackal misses you.
Unknown command.
You miss the jackal.
The jackal is severely wounded.
The wall freezes the jackal.
You kill the jackal!
The wall freezes the gnoll but does no damage.
The gnoll hits you from afar with a +0 spear.
You die...

#######.#
#.#.###.# #.#
#.# #.......#
#.#
#.###.#.##..#
#.#
#..>..#.##..#
#.#
####....##..#
#.# #..####..#
#.#
#..##....###.#
#..##........#
#..##.#@######
#..# #†# #..#
#g# #
#.....†g# #
#........ #
#####.#### #
#g # #. # #


You could see 2 gnolls and a goblin (wandering).

Vanquished Creatures
  2 gnolls (D:2)
  A dart slug (D:1)
  A worm (D:2)
  7 bats
  2 giant cockroaches (D:1)
  4 goblins
  2 hobgoblins (D:1)
  6 jackals
  3 quokkas (D:1)
  2 ball pythons
  3 kobolds
  2 rats (D:1)
35 creatures vanquished.

Notes
Turn   | Place    | Note
-------+----------+-------------------------------------------
     0 | D:1      | safid the Merfolk Ice Elementalist began the quest for the
                  | Orb.
     0 | D:1      | Reached XP level 1. HP: 13/13 MP: 3/3
   210 | D:1      | Reached XP level 2. HP: 18/20 MP: 1/5
   309 | D:1      | Reached skill level 1 in Fighting
   581 | D:1      | Reached XP level 3. HP: 26/26 MP: 4/6
   855 | D:1      | Learned a level 3 spell: Frozen Ramparts
  1243 | D:2      | Reached skill level 5 in Ice Magic
  1243 | D:2      | Reached XP level 4. HP: 3/33 MP: 3/8
  1244 | D:2      | Slain by a gnoll

Illustrated notes

Levels and vault maps discovered:
D:1:      dpeg_arrival_rooms_a, layout_loops_ring
D:2:      layout_loops_ring

Skill      XL: |  1  2  3 |
---------------+----------+-----
Fighting       | 1 2 |  2.1
Ice Magic      | 5 |  5.0
Dodging        | |  2.6
Stealth        | |  2.1
Spellcasting   | |  2.7

Action                     |  1- 3 |  4- 6 || total
---------------------------+-------+-------++-------
  Melee: Short sword       |    57 |       ||    57
         Unarmed           |     1 |       ||     1
         Flail             |    33 |     1 ||    34
         Punch             |     1 |       ||     1
   Cast: Freeze            |    28 |       ||    28
         Frozen Ramparts   |     1 |       ||     1
    Use: Potion            |       |     1 ||     1
   Stab: Sleeping          |     1 |       ||     1
 Armour: Robe              |    36 |       ||    36
  Dodge: Dodged            |    80 |     1 ||    81
  Block: Other             |    18 |       ||    18
